 Dungeon Crawl Stone Soup version 0.26-a0-712-ga5a9c9c9d0 (webtiles) character file.

Game seed: 3045546622429078638

289 Azzok the Chopper (level 6, 36/47 HPs)
             Began as a Demonspawn Berserker on Nov 8, 2020.
             Was a Priest of Trog.
             Quit the game on level 3 of the Dungeon.
             The game lasted 00:02:32 (2401 turns).

Azzok the Chopper (Demonspawn Berserker)            Turns: 2401, Time: 00:02:33

Health: 36/47      AC:  9    Str: 19    XL:     6   Next: 9%
Magic:  6/6        EV: 12    Int:  9    God:    Trog [***...]
Gold:   116        SH:  0    Dex: 12    Spells: 5/5 levels left

rFire    . . .     SeeInvis .   n - +2 short sword (protect)
rCold    . . .     Faith    .   (no shield)
rNeg     . . .     Spirit   .   b - +0 animal skin
rPois    .         Reflect  .   (no helmet)
rElec    .         Harm     .   (no cloak)
rCorr    .         Rampage  .   (no gloves)
MR       .....                  (no boots)
Stlth    +.........             (no amulet)
HPRegen  0.15/turn              (no ring)
MPRegen  0.10/turn              (no ring)

@: protection aura
A: talons 2, powered by pain 1, spiny 1
a: Berserk, Trog's Hand, Renounce Religion


You were on level 3 of the Dungeon.
You worshipped Trog.
Trog was most pleased with you.
You visited 1 branch of the dungeon, and saw 3 of its levels.

You collected 116 gold pieces.

Inventory:

Hand Weapons
 a - a +0 hand axe
 j - a +2 antimagic spear
 n - a +2 short sword of protection (weapon)
Missiles
 c - a throwing net (quivered)
Armour
 b - a +0 animal skin (worn)
Scrolls
 e - a scroll of identify {unknown}
 f - 2 scrolls of enchant weapon {unknown}
 g - a scroll of immolation {unknown}
 k - 2 scrolls of teleportation {unknown}
 m - 3 scrolls of remove curse {unknown}
 p - a scroll of magic mapping {unknown}
Potions
 d - a potion of curing {unknown}
 h - 2 potions of stabbing {unknown}
 i - a potion of might {unknown}
 l - a potion of degeneration {unknown}
 o - a potion of lignification {unknown}


   Skills:
 - Level 3.0 Fighting
 + Level 6.3 Axes
 - Level 1.7 Armour
 - Level 1.7 Dodging


You had 5 spell levels left.
You didn't know any spells.
Your spell library was empty.

Dungeon Overview and Level Annotations

Branches:
Dungeon (3/15)

Altars:
Makhleb
Uskayaw
Vehumet


Innate Abilities, Weirdness & Mutations

You have razor-sharp toenails.
You sometimes gain a little power by taking damage.
You are partially covered in sharp spines.


Message History

The quasit is moderately wounded.
The quasit is struck by your spines.
The quasit bites you but does no damage.
The quasit claws you but does no damage.
The quasit claws you.
The quasit bites you but does no damage.
The quasit barely misses you. x2
You hit the quasit but do no damage. Your kick misses the quasit.
The quasit is heavily wounded.
The quasit bites you but does no damage.
The quasit barely misses you. The quasit closely misses you.
You closely miss the quasit. You claw the quasit!
You kill the quasit!
Trog accepts your kill.
You have reached level 6!
Your experience leads to an increase in your attributes!
Increase (S)trength, (I)ntelligence, or (D)exterity?
You feel stronger.
Your demonic ancestry asserts itself...
You feel energised by your suffering.
Are you sure you want to abandon this character and quit the game? (Confirm with "yes".)

▒▒·▒······▒·▒▒▒▒····
▒················▒▒
▒▒·▒▒▒·▒▒▒·········
▒)▒▒▒·▒ ▒·········
▒▒▒(····▒▒▒·········
▒▒▒▒···················
·······))▒▒·▒▒▒▒········
··········▒·▒▒▒▒···▒▒▒··
··········†·@······▒
··············▒····▒▒
····················▒▒
·····················▒·
·······▒·▒········>····▒
·······_····)†·····▒··▒
·····▒·▒··········▒··▒
▒················▒ ·▒
················▒


There were no monsters in sight!

Vanquished Creatures
  A quasit (D:3)
  An orc wizard (D:2)
  3 iron imps (D:3)
  Natasha (D:2)
  4 adders
  An ooze (D:1)
  2 worms (D:3)
  2 dart slugs
  3 leopard geckos
  3 orcs (D:2)
  9 bats
  2 giant cockroaches (D:3)
  12 goblins
  6 hobgoblins
  2 ball pythons
  3 frilled lizards
  7 kobolds
  3 rats
65 creatures vanquished.

Notes
Turn   | Place    | Note
-------+----------+-------------------------------------------
     0 | D:1      | Azzok the Demonspawn Berserker began the quest for the Orb.
     0 | D:1      | Reached XP level 1. HP: 18/18 MP: 1/1
     1 | D:1      | Noticed an electric eel
    18 | D:1      | Reached skill level 3 in Axes
   152 | D:1      | Gained mutation: You have sharp toenails. [demonic
                  | ancestry]
   152 | D:1      | Reached XP level 2. HP: 16/24 MP: 2/2
   439 | D:1      | Gained mutation: You have razor-sharp toenails. [demonic
                  | ancestry]
   439 | D:1      | Reached XP level 3. HP: 29/29 MP: 3/3
   452 | D:1      | Reached ** piety under Trog
   459 | D:1      | Reached skill level 4 in Axes
  1212 | D:2      | Noticed a +0 dagger
  1213 | D:2      | Found a hide-covered altar of Uskayaw.
  1213 | D:2      | Noticed a +0 dagger
  1452 | D:2      | Reached XP level 4. HP: 35/35 MP: 1/4
  1657 | D:2      | Noticed Natasha
  1684 | D:2      | Killed Natasha
  1684 | D:2      | Reached skill level 5 in Axes
  1839 | D:2      | Gained mutation: You are partially covered in sharp spines.
                  | [demonic ancestry]
  1839 | D:2      | Reached XP level 5. HP: 39/41 MP: 5/5
  2197 | D:3      | Found a burning altar of Makhleb.
  2231 | D:3      | Reached skill level 6 in Axes
  2346 | D:3      | Found a radiant altar of Vehumet.
  2400 | D:3      | Reached *** piety under Trog
  2400 | D:3      | Gained mutation: You sometimes gain a little power by
                  | taking damage. [demonic ancestry]
  2400 | D:3      | Reached XP level 6. HP: 35/47 MP: 6/6
  2401 | D:3      | Quit the game

Illustrated notes

Levels and vault maps discovered:
D:1:      arrival_aquarium_a, layout_rooms, minmay_misc_feat_rugged
D:2:      layout_basic, dancing_weapons_uskayaw, uniq_natasha
D:3:      layout_rooms, lemuel_crystal_altar, demons_altar,
          chequers_serial_rivers_room_b

Skill      XL: |  1  2  3  4  5 |
---------------+----------------+-----
Axes           | 3 4 5 6 |  6.3
Fighting       | |  3.0
Armour         | |  1.7
Dodging        | |  1.7

Action                   |  1- 3 |  4- 6 || total
-------------------------+-------+-------++-------
Melee: Hand axe          |    54 |       ||    54
       Kick              |    16 |    13 ||    29
       Spear             |    36 |     2 ||    38
       Short sword       |       |    58 ||    58
Invok: Berserk           |     1 |     2 ||     3
 Stab: Sleeping          |       |     1 ||     1
Armor: Animal skin       |    17 |    22 ||    39
Dodge: Dodged            |    55 |    37 ||    92

Table legend: (Time is in decaauts)
 A = Elapsed time spent in this place.
 B = Non-inter-level travel time spent in this place.
 C = Inter-level travel time spent in this place.
 D = Time resting spent in this place.
 E = Time spent auto-exploring this place.
 F = Levels seen in this place.
 G = Mean time per level.
                   A        B        C        D        E       F      G
               +--------+--------+--------+--------+--------+-----+--------+
         Total |   2450 |   2408 |     42 |    608 |   1364 |   3 |  816.7 |
       Dungeon |   2450 |   2408 |     42 |    608 |   1364 |   3 |  816.7 |
               +--------+--------+--------+--------+--------+-----+--------+

Top non-repeatable levels by time:
     D:2: 1309 daAuts
     D:1: 795 daAuts
     D:3: 345 daAuts
